 Dungeon Crawl Stone Soup version 0.29-a0-91-gdebf4667c2 (webtiles) character file.

Game seed: 2536340616214857504

32 gruber the Slasher (level 3, -2/19 HPs)
             Began as a Vine Stalker Fighter on Feb 7, 2022.
             Splashed by a jelly's acid (4 damage)
             ... on level 2 of the Dungeon.
             The game lasted 00:00:44 (1145 turns).

gruber the Slasher (Vine Stalker Fighter)           Turns: 1145, Time: 00:00:45

Health: -2/19      AC:  6    Str: 18    XL:     3   Next: 27%
Magic:  0/4        EV:  9    Int: 10    God:
Gold:   47         SH:  4    Dex: 13    Spells: 2/2 levels left

rFire   . . .      SeeInvis .   a - +0 long sword
rCold   . . .      Faith    .   c - +0 buckler
rNeg    . . .      Spirit   +   b - +0 scale mail
rPois   +          Reflect  .   (no helmet)
rElec   .          Harm     .   (no cloak)
rCorr   .          Rampage  .   (no gloves)
Will    .....                   (no boots)
Stlth   ..........              (no amulet)
HPRegen 0.06/turn               g - ring of poison resistance
MPRegen 0.09/turn               (no ring)

@: no status effects
A: fangs 2, magic shield, antimagic bite, no potion heal 2
a: no special abilities


You were on level 2 of the Dungeon.
You visited 1 branch of the dungeon, and saw 2 of its levels.

You collected 47 gold pieces.

Inventory:

Hand Weapons
 a - a +0 long sword (weapon)
Armour
 b - a +0 scale mail (worn)
 c - a +0 buckler (worn)
Jewellery
 g - a ring of poison resistance (left hand)
Scrolls
 f - a scroll of teleportation {unknown}
 i - a scroll of noise {unknown}
 j - a scroll of fear {unknown}
 k - a scroll of fog {unknown}
Potions
 d - a potion of might
 e - 2 potions of heal wounds {unknown}
 h - a potion of berserk rage {unknown}
 l - a potion of attraction {unknown}


   Skills:
 - Level 2.6 Fighting
 + Level 3.3 Long Blades
 - Level 2.4 Armour
 - Level 2.6 Shields


You had 2 spell levels left.
You didn't know any spells.
Your spell library was empty.

Dungeon Overview and Level Annotations

Branches:
Dungeon (2/15)

Altars:

Shops:
D:1 ?


Innate Abilities, Weirdness & Mutations

You have extremely sharp teeth.
When hurt, damage is shared between your health and your magic reserves.
Your bite disrupts and absorbs the magic of your enemies.
Potions cannot restore your health.


Message History

A giant cockroach is nearby!
You hit the giant cockroach but do no damage.
Your bite misses the giant cockroach.
The giant cockroach is almost dead.
The giant cockroach bites you but does no damage.
A giant cockroach is nearby!
You barely miss the giant cockroach.
The giant cockroach is almost dead.
The giant cockroach bites you but does no damage. x2
A giant cockroach is nearby!
You barely miss the giant cockroach.
The giant cockroach is almost dead.
The giant cockroach bites you but does no damage.
You block the giant cockroach's attack.
A giant cockroach is nearby!
You closely miss the giant cockroach. Your bite misses the giant cockroach.
The giant cockroach is almost dead.
The giant cockroach barely misses you.
A giant cockroach is nearby!
You slash the giant cockroach!
You kill the giant cockroach!
A jelly comes into view.
A jelly is nearby!
A jelly is nearby!
The jelly hits you but does no damage.
A jelly is nearby!
You hit the jelly.
Your hands burn!
The jelly is moderately wounded.
The jelly barely misses you. The jelly hits you.
You are splashed with acid!
Ouch! That really hurt!
* * * LOW HITPOINT WARNING * * *
A jelly is nearby!
You are too injured to fight recklessly!
A jelly is nearby!
You are too injured to fight recklessly!
A jelly is nearby!
You are too injured to fight recklessly!
A jelly is nearby!
You slash the jelly!
Your hands burn!
You die...

###... ..# #.# ..
.....## ##.# #.#
###..###...###..####.#
...........#........#
#..###........###..#
#..#..........#.#..#
###.....#........#...#
#.......†.##....###..#
#..J@...##.#.## ##.#
#..#.#..##.##.# .##
#..........# #.# #
.........##.# #.#
.....####.##.?. ..
...... #.# ## #.###.
#.# # .#


You could see a jelly.

Vanquished Creatures
  An adder (D:2)
  A worm (D:2)
  A bat (D:2)
  2 endoplasms (D:1)
  A giant cockroach (D:2)
  2 goblins (D:1)
  4 hobgoblins (D:1)
  A kobold (D:1)
  2 ball pythons
  3 frilled lizards (D:1)
  2 rats
20 creatures vanquished.

Notes
Turn   | Place    | Note
-------+----------+-------------------------------------------
     0 | D:1      | gruber the Vine Stalker Fighter began the quest for the
                  | Orb.
     0 | D:1      | Reached XP level 1. HP: 11/11 MP: 2/2
    69 | D:1      | Found a faded altar of an unknown god.
   228 | D:1      | Reached skill level 2 in Long Blades
   414 | D:1      | Reached XP level 2. HP: 11/16 MP: 1/3
   563 | D:1      | Found Meserchat's Magic Scroll Shoppe.
   905 | D:2      | Reached skill level 3 in Long Blades
   905 | D:2      | Reached XP level 3. HP: 13/19 MP: 4/4
  1145 | D:2      | Splashed by a jelly's acid

Illustrated notes

Levels and vault maps discovered:
D:1:      ncdulo_halloftheorcs, layout_loops_ring, serial_shops,
          nicolae_shop_behind_doors, ebering_ecumenical_altar_sacrificial
D:2:      layout_loops_ring, uniq_robin

Skill      XL: |  1  2 |
---------------+-------+-----
Long Blades    | 2 3 |  3.3
Fighting       | |  2.6
Armour         | |  2.4
Shields        | |  2.6

Action                   || total
-------------------------++-------
Melee: Long sword        ||    68
       Bite              ||     9
Armor: Scale mail        ||    30
Dodge: Dodged            ||    32
Block: Buckler           ||    14

Table legend: (Time is in decaauts)
 A = Elapsed time spent in this place.
 B = Non-inter-level travel time spent in this place.
 C = Inter-level travel time spent in this place.
 D = Time resting spent in this place.
 E = Time spent auto-exploring this place.
 F = Levels seen in this place.
 G = Mean time per level.
                   A        B        C        D        E       F      G
               +--------+--------+--------+--------+--------+-----+--------+
         Total |   1165 |   1124 |     41 |      0 |    963 |   2 |  582.5 |
       Dungeon |   1165 |   1124 |     41 |      0 |    963 |   2 |  582.5 |
               +--------+--------+--------+--------+--------+-----+--------+

Top non-repeatable levels by time:
     D:1: 901 daAuts
     D:2: 263 daAuts
